 Dungeon Crawl Stone Soup version 0.23.0-3-gf3c87f2 (webtiles) character file.

Game seed: 16821401050440440956

8089 dvd the Cleaver (level 11, -29/82 HPs)
             Began as a Minotaur Ice Elementalist on Feb 22, 2019.
             Was a High Priest of Cheibriados.
             Hit by a large rock thrown by a cyclops (40 damage)
             ... on level 11 of the Dungeon.
             The game lasted 00:36:16 (10110 turns).

dvd the Cleaver (Minotaur Ice Elementalist)        Turns: 10110, Time: 00:36:16

Health: -29/82     AC: 11    Str: 27 (29) XL:     11   Next: 5%
Magic:  12/13      EV: 17    Int: 27      God:    Cheibriados [*****.]
Gold:   508        SH:  0    Dex: 25      Spells: 6/13 levels left

rFire    . . .     SeeInvis .   a - +2 broad axe of Yfojed {flame, +Inv rN+ MR+}
rCold    . . .     Gourm    +   (no shield)
rNeg     + . .     Faith    .   O - +3 leather armour {rPois}
rPois    +         Spirit   .   (helmet restricted)
rElec    .         Reflect  .   (no cloak)
rCorr    .         Harm     .   y - +0 pair of gloves
MR       ++...                  D - +2 pair of boots {Fly}
Stlth    ++........             I - amulet of the gourmand
HPRegen  0.23/turn              n - +3 ring of strength
MPRegen  0.13/turn              p - +3 ring of intelligence

@: flying, very slow
A: retaliatory headbutt, horns 2, deterioration 1, frail 1, magic resistance 1,
mutation resistance 1
a: Bend Time, Temporal Distortion, Slouch, Step From Time, Renounce Religion,
Evoke Invisibility, Stop Flying


You were on level 11 of the Dungeon.
You worshipped Cheibriados.
Cheibriados was extremely pleased with you.
You were completely stuffed.

You visited 1 branch of the dungeon, and saw 11 of its levels.
You also visited: Ossuary.

You collected 508 gold pieces.

Inventory:

Hand Weapons
 a - the +2 broad axe of Yfojed (weapon) {flame, +Inv rN+ MR+}
   (You took it off an orc warrior on level 7 of the Dungeon)

   It has been specially enchanted to burn those struck by it, causing extra
   injury to most foes and up to half again as much damage against particularly
   susceptible opponents.
   Big, fiery blades are also staple armaments of hydra-hunters.
   It protects you from negative energy.
   It affects your resistance to hostile enchantments.
   It lets you turn invisible.
 b - a +0 shortbow
 c - a +3 dire flail
 i - a +1 whip of electrocution
 E - a +2 scythe of flaming
 J - the +7 mace of Variability {chain chaos}
   (You found it on level 9 of the Dungeon)

   Each time it hits an enemy it has a different, random effect.
   Cheibriados disapproves of the use of such an item.
Missiles
 q - 7 tomahawks
 C - 2 javelins (quivered)
 H - 76 arrows
Armour
 y - a +0 pair of gloves (worn)
 z - a +2 chain mail
 A - the +3 ring mail of the Inquisitive Beds {Str-5 Int+3 Dex+4}
   (You took it off an orc on level 7 of the Dungeon)

   It affects your strength (-5).
   It affects your intelligence (+3).
   It affects your dexterity (+4).
 D - a +2 pair of boots of flying (worn)
 O - a +3 leather armour of poison resistance (worn)
Jewellery
 e - an uncursed ring of resist corrosion
 l - an uncursed ring of protection from cold
 n - a +3 ring of strength (left hand)
 p - a +3 ring of intelligence (right hand)
 w - an uncursed ring of flight
 I - an amulet of the gourmand (around neck)
 P - an uncursed amulet of guardian spirit
Wands
 t - a wand of flame (19)
 F - a wand of scattershot (4)
 K - a wand of iceblast (9)
 L - a wand of paralysis (8)
Scrolls
 d - 2 scrolls of teleportation
 g - 6 scrolls of remove curse
 j - 10 scrolls of identify
 m - a scroll of magic mapping
 B - a scroll of enchant weapon
Potions
 f - a potion of flight {unknown}
 h - 4 potions of brilliance {unknown}
 k - 3 potions of curing
 s - 3 potions of might {unknown}
 u - a potion of lignification {unknown}
 G - a potion of berserk rage {unknown}
 N - a potion of magic {unknown}
Miscellaneous
 x - a lightning rod (4/4)
Comestibles
 M - 18 rations


   Skills:
 + Level 7.6 Fighting
   Level 2.3 Short Blades
 + Level 9.1(10.3) Axes
 + Level 8.0(9.9) Maces & Flails
 + Level 5.6 Bows
 + Level 4.2 Throwing
 + Level 7.4 Armour
 + Level 5.4 Dodging
 - Level 2.0 Stealth
 + Level 0.2 Unarmed Combat
 + Level 1.8 Spellcasting
   Level 0.6 Conjurations
 + Level 1.0 Charms
 + Level 0.1 Necromancy
 - Level 2.6 Ice Magic
 * Level 4.1 Invocations


You had 6 spell levels left.
You knew the following spells:

 Your Spells              Type           Power        Failure   Level  Hunger
a - Regeneration          Chrm/Necr      #.........   26%         3    ###....
b - Ozocubu's Armour      Chrm/Ice       ##......     16%         3    ###....
c - Apportation           Tloc           #.....       11%         1    #......

Your spell library contained the following spells:

 Spells                   Type           Power        Failure   Level  Hunger
 Freeze                   Ice            ###.         3%          1    #......
 Throw Frost              Conj/Ice       ##....       9%          2    ##.....
 Animate Skeleton         Necr           N/A          11%         1    #......
 Confusing Touch          Hex            #.....       11%         1    #......
 Pain                     Necr           #...         11%         1    #......
 Summon Small Mammal      Summ           #...         11%         1    #......
 Vampiric Draining        Necr           #.........   30%         3    ###....
 Confuse                  Hex            #.......     32%         3    ###....
 Gell's Gravitas          Tloc           #.........   32%         3    ###....
 Throw Icicle             Conj/Ice       ##......     50%         4    #####..
 Summon Ice Beast         Ice/Summ       #.......     54%         4    #####..
 Animate Dead             Necr           N/A          71%         4    #####..
 Petrify                  Tmut/Erth      #.......     73%         4    #####..
 Metabolic Englaciation   Hex/Ice        #.........   87%         5    ######.
 Yara's Violent Unravell  Hex/Tmut       #.........   97%         5    ######.


Dungeon Overview and Level Annotations

Branches:
Dungeon (12/15)            Temple (0/1) D:6            Lair (0/6) D:9
    Orc: D:9-12

Altars:
Cheibriados
Gozag
Kikubaaqudgha
Nemelex Xobeh
Qazlal
Ru
Sif Muna
Xom
Yredelemnul
Zin
Beogh

Shops:
D:8 *   D:12 *

Annotations:
D:12 Kirke


Innate Abilities, Weirdness & Mutations

You reflexively headbutt those who attack you in melee.
You have a pair of horns on your head.
Your body sometimes deteriorates upon taking damage.
You are frail. (-10% HP)
You are resistant to hostile enchantments. (MR+)
You are somewhat resistant to further mutation.


Message History

Cheibriados appreciates the change of pace.
You feel your dexterity returning.
Your Invocations skill increases to level 4!
You hear a shout!
An orc, an orc warrior and a cyclops come into view.
The cyclops throws a large rock.
The large rock hits you!!
* * * LOW HITPOINT WARNING * * *
An orc wizard comes into view. It is wielding a +0 dagger.
The cyclops throws a large rock.
The large rock misses you. The yak gores you.
* * * LOW HITPOINT WARNING * * *
The orc wizard mumbles some strange words.
The orc wizard flickers and vanishes!
Deactivating autopickup; reactivate with Ctrl-A.
The orc warrior moves out of view.
An orc wizard comes into view. It is wielding a +0 dagger.
You see here 2 large rocks.
Okay, then.
Unknown command.
The cyclops throws a large rock.
The large rock hits you!!!
You die...

#####.. .Co......#......
#.....# .........#......
#...... .........#......
#...... .....o...#.......
#......
.................##......
.....................)...
......Y.................#
#....[.Y@...<...........#
#...####................+
# ##................#
#.................#
#..........########
#..........# #........(.#
#.....###### #.....#


You could see a cyclops, 2 yaks, an orc wizard (wandering) and an orc.

Vanquished Creatures
  Erica (D:8)
  The ghost of Kairos the Ducker, a novice GnMo of Okawaru (D:7)
  Pikel (D:6)
  A troll (D:11)
  Grinder (D:6)
  2 hippogriffs (D:8)
  Sigmund (D:5)
  A wraith (Ossuary)
  A yak (D:11)
  Eustachio (D:6)
  A hog (D:12)
  2 hungry ghosts (D:8)
  2 chaos spawn (D:9)
  Menkaure (D:3)
  2 wargs (D:9)
  A water moccasin (D:8)
  3 phantoms
  4 orc warriors
  3 ogres
  4 sky beasts
  4 centaurs
  A big kobold (D:8)
  2 bullfrogs (D:7)
  8 killer bees (D:7)
  2 scorpions
  3 howler monkeys
  13 wights
  3 crimson imps
  A quasit (D:6)
  A hound (D:9)
  5 orc priests
  2 bullfrog skeletons
  6 orc wizards
  3 worker ants
  Natasha (thrice) (D:4)
  4 iguanas
  2 hound zombies
  3 mummies (Ossuary)
  4 gnolls (D:3)
  11 adders
  3 shadow imps
  2 adder zombies
  An adder skeleton (D:9)
  4 worms (D:2)
  2 dart slugs (D:1)
  7 leopard geckos
  28 orcs
  2 ball pythons
  4 giant cockroaches
  9 goblins
  5 hobgoblins
  3 jackals (D:1)
  A ball python zombie (D:3)
  3 bats
  5 frilled lizards
  A giant cockroach zombie (D:3)
  A gnoll zombie (Ossuary)
  3 goblin zombies (Ossuary)
  3 hobgoblin zombies (Ossuary)
  17 kobolds
  3 kobold zombies (Ossuary)
  A leopard gecko skeleton (D:4)
  11 rats
234 creatures vanquished.

Vanquished Creatures (others)
  An adder (D:7)
  2 quokkas (D:7)
3 creatures vanquished.

Grand Total: 237 creatures vanquished

Notes
Turn   | Place    | Note
-------+----------+-------------------------------------------
     0 | D:1      | dvd the Minotaur Ice Elementalist began the quest for the
                  | Orb.
     0 | D:1      | Reached XP level 1. HP: 14/14 MP: 1/1
   375 | D:1      | Reached XP level 2. HP: 20/20 MP: 3/3
  1339 | D:2      | Reached XP level 3. HP: 19/26 MP: 4/4
  1579 | D:2      | Reached skill level 1 in Short Blades
  1653 | D:2      | Reached skill level 1 in Armour
  1751 | D:2      | Reached XP level 4. HP: 27/34 MP: 5/5
  1866 | D:2      | Found a snail-covered altar of Cheibriados.
  1874 | D:2      | Became a worshipper of Cheibriados the Contemplative
  2462 | D:3      | Reached skill level 1 in Fighting
  2484 | D:3      | Reached XP level 5. HP: 26/41 MP: 6/6
  2698 | D:3      | Found an ancient bone altar of Kikubaaqudgha.
  2698 | D:3      | Found a basalt altar of Yredelemnul.
  2699 | D:3      | Noticed Menkaure
  2873 | D:3      | Reached * piety under Cheibriados
  2881 | D:3      | Found a transporter.
  2883 | D:3      | Found a transporter.
  3093 | D:4      | Noticed Natasha
  3096 | D:4      | Killed Natasha
  3116 | D:4      | Noticed a phantom
  3181 | D:4      | Killed a phantom
  3181 | D:4      | Reached skill level 1 in Maces & Flails
  3181 | D:4      | Reached XP level 6. HP: 12/50 MP: 7/7
  3316 | D:4      | Noticed Natasha
  3326 | D:4      | Killed Natasha
  3326 | D:4      | Reached skill level 1 in Throwing
  3385 | D:4      | Noticed Natasha
  3399 | D:4      | Killed Natasha
  4059 | D:4      | Reached XP level 7. HP: 57/57 MP: 8/8
  4169 | D:4      | Reached ** piety under Cheibriados
  4175 | D:4      | Reached skill level 1 in Axes
  4269 | D:4      | Found a deep blue altar of Sif Muna.
  4287 | D:5      | Entered Level 5 of the Dungeon
  4314 | D:5      | Found a sand-covered staircase.
  4318 | Ossuary  | Entered an ossuary
  4318 | Ossuary  | Noticed a wraith
  4318 | Ossuary  | Noticed a wraith
  4318 | Ossuary  | Noticed a wraith
  4393 | Ossuary  | Noticed a wraith
  4418 | Ossuary  | Killed a wraith
  4418 | Ossuary  | Reached skill level 2 in Axes
  4915 | Ossuary  | Reached skill level 5 in Armour
  4967 | D:5      | Noticed Sigmund
  4999 | D:5      | Killed Sigmund
  4999 | D:5      | Reached skill level 3 in Axes
  5021 | D:5      | Reached XP level 8. HP: 30/66 MP: 9/9
  5147 | D:5      | Reached skill level 4 in Axes
  5552 | D:5      | Reached skill level 5 in Axes
  5894 | D:5      | Found an opulent altar of Gozag.
  6038 | D:6      | Found a sparkling altar of Nemelex Xobeh.
  6121 | D:6      | Found a stormy altar of Qazlal.
  6170 | D:6      | Found a staircase to the Ecumenical Temple.
  6195 | D:6      | Reached *** piety under Cheibriados
  6195 | D:6      | Reached skill level 6 in Axes
  6306 | D:6      | Noticed Eustachio
  6344 | D:6      | Killed Eustachio
  6344 | D:6      | Reached skill level 5 in Fighting
  6344 | D:6      | Reached skill level 1 in Bows
  6571 | D:6      | Noticed Grinder
  6579 | D:6      | Killed Grinder
  6579 | D:6      | Reached XP level 9. HP: 74/74 MP: 10/10
  6916 | D:7      | Reached skill level 5 in Maces & Flails
  7054 | D:7      | Noticed Pikel
  7073 | D:6      | Killed Pikel
  7454 | D:7      | Found a glowing silver altar of Zin.
  8120 | D:7      | Found a runed translucent gate.
  8120 | D:7      | Noticed Kairos's ghost (novice GnMo)
  8120 | D:7      | Identified the cursed +2 broad axe of Yfojed {flame, +Inv
                  | rN+ MR+}
  8121 | D:7      | Found a runed translucent gate.
  8122 | D:7      | Found a runed translucent gate.
  8128 | D:7      | Identified the +3 ring mail of the Inquisitive Beds {Str-5
                  | Int+3 Dex+4}
  8129 | D:7      | Found a roughly hewn altar of Beogh.
  8302 | D:3      | Killed Menkaure
  8448 | D:7      | Gained mutation: Scrolls take you a little longer to read.
                  | [potion of mutation]
  8448 | D:7      | Gained mutation: Your body sometimes deteriorates upon
                  | taking damage. [potion of mutation]
  8448 | D:7      | Gained mutation: You tend to lose your temper in combat.
                  | [potion of mutation]
  8448 | D:7      | Gained mutation: You are resistant to hostile enchantments.
                  | (MR+) [potion of mutation]
  8449 | D:7      | Lost mutation: Scrolls take you a little longer to read.
                  | [potion of mutation]
  8449 | D:7      | Lost mutation: You tend to lose your temper in combat.
                  | [potion of mutation]
  8449 | D:7      | Gained mutation: Your body often deteriorates upon taking
                  | damage. [potion of mutation]
  8449 | D:7      | Gained mutation: Your muscles are strong. (Str +2) [potion
                  | of mutation]
  8449 | D:7      | Gained mutation: Your spells are a little harder to cast,
                  | but a little more powerful. [potion of mutation]
  8462 | D:7      | Reached skill level 1 in Invocations
  8467 | D:7      | Reached skill level 7 in Axes
  8477 | D:7      | Killed Kairos's ghost
  8477 | D:7      | Reached XP level 10. HP: 68/84 MP: 11/11
  8491 | D:7      | Reached **** piety under Cheibriados
  8529 | D:7      | Learned a level 3 spell: Regeneration
  8588 | D:7      | Learned a level 3 spell: Ozocubu's Armour
  8716 | D:8      | Found a sacrificial altar of Ru.
  8727 | D:8      | Reached skill level 5 in Dodging
  8774 | D:8      | Found Zin's Purification Station.
  8790 | D:8      | Found a glowing silver altar of Zin.
  8918 | D:8      | Reached skill level 8 in Axes
  8997 | D:8      | Noticed Erica
  9008 | D:8      | Killed Erica
  9051 | D:8      | Learned a level 1 spell: Apportation
  9293 | D:9      | Reached ***** piety under Cheibriados
  9299 | D:9      | Reached skill level 5 in Bows
  9539 | D:9      | Found the +7 mace of Variability {chain chaos}
  9540 | D:9      | Found a shimmering altar of Xom.
  9638 | D:9      | Reached skill level 1 in Charms
  9733 | D:9      | Found a staircase to the Lair.
  9737 | D:9      | You are sucked into a shaft for 3 floors!
  9737 | D:12     | Noticed Kirke
  9740 | D:12     | Noticed a lindwurm
  9744 | D:12     | Found Loqip's General Store.
  9744 | D:12     | Noticed a two-headed ogre
 10054 | D:11     | Lost mutation: Your body often deteriorates upon taking
                  | damage. [potion of mutation]
 10054 | D:11     | Lost mutation: Your muscles are strong. (Str +2) [potion of
                  | mutation]
 10054 | D:11     | Lost mutation: Your spells are a little harder to cast, but
                  | a little more powerful. [potion of mutation]
 10054 | D:11     | Gained mutation: You are frail. (-10% HP) [potion of
                  | mutation]
 10054 | D:11     | Gained mutation: You have sharp fingernails. [potion of
                  | mutation]
 10054 | D:11     | Gained mutation: Your mind is acute. (Int +2) [potion of
                  | mutation]
 10055 | D:11     | Lost mutation: You have sharp fingernails. [potion of
                  | mutation]
 10055 | D:11     | Lost mutation: Your mind is acute. (Int +2) [potion of
                  | mutation]
 10055 | D:11     | Gained mutation: You are somewhat resistant to further
                  | mutation. [potion of mutation]
 10061 | D:11     | Reached XP level 11. HP: 81/82 MP: 12/12
 10107 | D:11     | Reached skill level 9 in Axes
 10110 | D:11     | Hit by a large rock thrown by a cyclops

Skill      XL: |  1  2  3  4  5  6  7  8  9 10 11 |
---------------+----------------------------------+-----
Stealth        | 2 |  2.0
Short Blades   | 1 2 |  2.3
Armour         | 1 2 3 4 5 7 |  7.4
Dodging        | 3 4 5 |  5.4
Fighting       | 1 2 3 4 5 6 7 |  7.6
Maces & Flails | 1 3 4 7 8 |  8.0
Throwing       | 1 2 3 4 |  4.2
Axes           | 3 6 7 8 9 |  9.1
Bows           | 1 3 5 |  5.6
Invocations    | 1 3 4 |  4.1
Charms         | 1 |  1.0
Unarmed Combat | |  0.2
Spellcasting   | |  1.8
Conjurations   | |  0.6
Necromancy     | |  0.1
Ice Magic      | |  2.6

Action                   |  1- 3 |  4- 6 |  7- 9 | 10-12 || total
-------------------------+-------+-------+-------+-------++-------
Melee: Dagger            |   139 |    95 |       |       ||   234
       Unarmed           |     5 |       |       |       ||     5
       Headbutt          |    19 |    25 |    62 |    44 ||   150
       Flail             |       |    66 |       |       ||    66
       Hand axe          |       |    13 |   101 |       ||   114
       Dire flail        |       |       |    71 |       ||    71
       War axe           |       |       |    59 |       ||    59
       Whip              |       |       |    31 |    12 ||    43
       Broad axe         |       |       |       |   108 ||   108
 Fire: Shortbow          |       |       |    26 |    59 ||    85
Throw: Javelin           |       |    34 |    39 |    15 ||    88
       Tomahawk          |       |       |     5 |    14 ||    19
 Cast: Regeneration      |       |       |       |     5 ||     5
       Ozocubu's Armour  |       |       |       |     4 ||     4
Invok: Bend Time         |       |       |     2 |       ||     2
  Use: Potion            |     1 |     1 |     8 |     2 ||    12
       Scroll            |       |       |    14 |     5 ||    19
 Stab: Sleeping          |     2 |       |       |       ||     2
       Invisible         |       |       |     7 |     4 ||    11
  Eat: Chunk             |     3 |     6 |    15 |    11 ||    35
Armor: Robe              |     8 |       |       |       ||     8
       Chain mail        |    55 |    87 |   121 |       ||   263
       Leather armour    |       |       |    18 |    50 ||    68
Dodge: Dodged            |    52 |    56 |   164 |   130 ||   402
